[Event "Titled Tuesday Blitz January 31 Early 2023"]
[White "Jobava, Baadur"]
[Black "Berezin, Viktor"]
[WhiteFideId "13601520"]
[BlackFideId "14107872"]
[WhiteElo "2578"]
[BlackElo "2307"]
[Result "1-0"]
[Round "03"]
[TimeControl "180+2"]
[Date "2023.01.31"]
[WhiteClock "0:01:50"]
[BlackClock "0:00:16"]

1. b3 Nf6 2. Bb2 d6 3. Bxf6 exf6 4. c4 g6 5. Nc3 f5 6. g3 Bg7 7. Bg2 O-O 8. e3 Nc6 9. Nge2 a6 10. d4 Rb8 11. O-O Bd7 12. Rc1 b5 13. cxb5 axb5 14. Nxb5 Rxb5 15. Bxc6 Ra5 16. a4 h5 17. Qc2 Ra7 18. Nf4 h4 19. Bxd7 Qxd7 20. Qc6 Qd8 21. Nd5 Qg5 22. b4 Qg4 23. a5 Kh8 24. a6 Rb8 25. b5 h3 26. Nf4 g5 27. f3 Rb6 28. Qe8+ 1-0


[Site "https://www.chess.com"]

[Event "Titled Tuesday Blitz January 31 Early 2023"]
[White "Deac, Bogdan-Daniel"]
[Black "Ismagilov, Damir"]
[WhiteFideId "1226380"]
[BlackFideId "34199982"]
[WhiteElo "2700"]
[BlackElo "2156"]
[Result "1-0"]
[Round "03"]
[TimeControl "180+2"]
[Date "2023.01.31"]
[WhiteClock "0:00:05"]
[BlackClock "0:00:02"]

1. b3 Nf6 2. Bb2 g6 3. Nf3 Bg7 4. g3 O-O 5. Bg2 d5 6. c4 c6 7. O-O Bf5 8. d3 Qc8 9. Re1 Bh3 10. Bh1 Re8 11. Nbd2 h6 12. Rc1 Qd8 13. e4 dxe4 14. dxe4 Nbd7 15. e5 Nh7 16. Qe2 Nc5 17. Nd4 Ng5 18. Qe3 Nge6 19. Nxe6 Nxe6 20. f4 Qd7 21. Ne4 Nc7 22. Rcd1 Qc8 23. Nf2 Bf5 24. Bf3 h5 25. Kg2 Rd8 26. h3 Na6 27. Rxd8+ Qxd8 28. g4 hxg4 29. hxg4 Be6 30. Be4 Qb6 31. Qf3 Nc5 32. f5 Nxe4 33. Nxe4 Bd7 34. Ng5 Be8 35. Qh3 f6 36. Ne6 Bf7 37. Nxg7 Kxg7 38. exf6+ exf6 39. g5 Kf8 40. Bxf6 Be6 41. Qh6+ Kf7 42. Qxg6+ Kf8 43. Qg7+ Ke8 44. Qe7# 1-0


[Site "https://www.chess.com"]

[Event "Titled Tuesday Blitz January 31 Early 2023"]
[White "Kubicka, Anna"]
[Black "Bluebaum, Matthias"]
[WhiteFideId "1152254"]
[BlackFideId "24651516"]
[WhiteElo "2240"]
[BlackElo "2669"]
[Result "0-1"]
[Round "03"]
[TimeControl "180+2"]
[Date "2023.01.31"]
[WhiteClock "0:02:09"]
[BlackClock "0:02:40"]

1. e4 e6 2. d4 d5 3. Nd2 c5 4. exd5 Qxd5 5. Ngf3 cxd4 6. Bc4 Qd6 7. O-O Nf6 8. Nb3 Nc6 9. Nbxd4 Nxd4 10. Nxd4 Be7 11. Nb5 Qc6 12. Qe2 O-O 13. Bf4 a6 14. Nc7 Ra7 15. Be3 Bc5 16. b4 Bxe3 17. Qxe3 b6 0-1


[Site "https://www.chess.com"]

[Event "Titled Tuesday Blitz January 31 Early 2023"]
[White "Kozak, Adam"]
[Black "Ilkhomi, Jaloliddin"]
[WhiteFideId "753246"]
[BlackFideId "14700948"]
[WhiteElo "2572"]
[BlackElo "1997"]
[Result "1-0"]
[Round "03"]
[TimeControl "180+2"]
[Date "2023.01.31"]
[WhiteClock "0:00:07"]
[BlackClock "0:00:12"]

1. Nf3 Nf6 2. b3 d5 3. Bb2 e6 4. g3 b6 5. Bg2 Bb7 6. O-O Nbd7 7. c4 Bd6 8. e3 O-O 9. Nc3 a6 10. Qe2 c5 11. Rad1 Qc7 12. Rfe1 Rad8 13. cxd5 Nxd5 14. Nxd5 Bxd5 15. d4 cxd4 16. e4 Ba8 17. Bxd4 Bb4 18. Rc1 Qb7 19. Red1 Qxe4 20. Qxa6 Nc5 21. Qxb6 Nd3 22. Ra1 Qe2 23. Nh4 Rd6 24. Qa7 g5 25. Be3 gxh4 26. Bxa8 hxg3 27. hxg3 Rfd8 28. Rf1 Ne5 29. Bg2 Nf3+ 30. Bxf3 Qxf3 31. Qa4 Bd2 32. Bxd2 Rxd2 33. Qh4 R2d4 34. Qg5+ Kf8 35. Rae1 Rd2 36. Re3 Qd5 37. Qh4 h5 38. Qf4 Ke8 39. Re5 Qd6 40. Qe3 Rd1 41. Rxd1 Qxd1+ 42. Kg2 Qd6 43. Rxh5 Qc6+ 44. Qf3 Qxf3+ 45. Kxf3 Rd2 46. Ra5 Rb2 47. Kg2 Kd7 48. g4 Kc6 49. Kg3 Kb6 50. Ra4 e5 51. g5 Kb5 52. Ra7 Kc6 53. Rxf7 Rxa2 54. Rf3 Ra1 55. Kg2 Ra7 56. g6 Kd5 57. Rg3 Rg7 58. Kf3 Kd4 59. Ke2 Ke4 60. b4 Kd4 61. Rg5 Ke4 62. b5 Kf4 63. Rg2 Kf5 64. b6 Kf6 65. Ke3 Rb7 66. g7 Rxb6 67. g8=Q e4 68. Rg6+ Ke5 69. Qg7+ Kf5 70. Rg5+ Ke6 71. Re5+ Kd6 72. Qe7+ Kc6 73. Rc5# 1-0


[Site "https://www.chess.com"]

[Event "Titled Tuesday Blitz January 31 Early 2023"]
[White "Terry, Renato"]
[Black "Derjabin, Ilja"]
[WhiteFideId "3803457"]
[BlackFideId "14104768"]
[WhiteElo "2520"]
[BlackElo "2333"]
[Result "1-0"]
[Round "03"]
[TimeControl "180+2"]
[Date "2023.01.31"]
[WhiteClock "0:01:34"]
[BlackClock "0:00:02"]

1. e4 e6 2. d4 d5 3. exd5 exd5 4. Nf3 c5 5. Bb5+ Nc6 6. O-O Bd6 7. dxc5 Bxc5 8. Re1+ Ne7 9. Be3 Bxe3 10. Rxe3 O-O 11. Bd3 h6 12. h3 d4 13. Re1 Nd5 14. Be4 Re8 15. Nxd4 Nf4 16. Nxc6 Qxd1 17. Rxd1 Rxe4 18. Rd8+ Kh7 19. Nd2 Re2 20. Na5 Ne6 21. Rd6 b6 22. Nac4 Ba6 23. Ne3 Rc8 24. Rd1 Nf4 25. h4 g5 26. hxg5 hxg5 27. Ne4 Ne6 28. Nc3 Rxc3 29. bxc3 Kg6 30. R6d2 Nf4 31. c4 Bb7 32. g3 Nh3+ 33. Kf1 1-0


[Site "https://www.chess.com"]

[Event "Titled Tuesday Blitz January 31 Early 2023"]
[White "Toncheva, Nadya"]
[Black "Praggnanandhaa R"]
[WhiteFideId "2924056"]
[BlackFideId "25059530"]
[WhiteElo "2295"]
[BlackElo "2688"]
[Result "0-1"]
[Round "03"]
[TimeControl "180+2"]
[Date "2023.01.31"]
[WhiteClock "0:00:05"]
[BlackClock "0:00:57"]

1. e4 c6 2. d4 d5 3. Nc3 dxe4 4. Nxe4 Nf6 5. Nxf6+ exf6 6. c3 Bd6 7. Bd3 O-O 8. Ne2 Re8 9. O-O Qc7 10. Ng3 Nd7 11. f4 c5 12. d5 c4 13. Bc2 Nc5 14. Nf5 Bxf5 15. Bxf5 g6 16. Bc2 f5 17. Qf3 Nd7 18. Kh1 Bc5 19. Bd2 Nf6 20. Rad1 Rad8 21. Bc1 Rd6 22. b4 Bb6 23. a4 a5 24. bxa5 Bc5 25. Rfe1 Rxe1+ 26. Rxe1 Rxd5 27. Be3 Bxe3 28. Qxe3 Qxa5 29. h3 Kg7 30. Kh2 Qc7 31. Rf1 h5 32. Rd1 Kh7 33. Kh1 Rxd1+ 34. Bxd1 Nd5 35. Qd4 Nxf4 36. Bf3 b6 37. Qf6 Kg8 38. Qd4 Ne6 39. Qd5 Ng5 40. Be2 Ne4 41. Qxc4 Qg3 42. Bf3 Nf2+ 43. Kg1 Nxh3+ 44. Kh1 Qe1+ 45. Kh2 Nf2 46. Qc8+ Kg7 47. Qc6 f4 48. g3 Ng4+ 49. Bxg4 Qxg3+ 50. Kh1 hxg4 51. Qd6 Qe1+ 52. Kh2 Qf2+ 53. Kh1 Qf1+ 54. Kh2 g3# 0-1


[Site "https://www.chess.com"]

[Event "Titled Tuesday Blitz January 31 Early 2023"]
[White "Defend, Balint"]
[Black "Howell, David W L"]
[WhiteFideId "17004853"]
[BlackFideId "410608"]
[WhiteElo "1673"]
[BlackElo "2677"]
[Result "0-1"]
[Round "03"]
[TimeControl "180+2"]
[Date "2023.01.31"]
[WhiteClock "0:00:04"]
[BlackClock "0:01:03"]

1. e4 c6 2. d4 d5 3. e5 Bf5 4. h4 c5 5. g4 Bd7 6. f4 cxd4 7. h5 Nc6 8. c3 Nh6 9. Bh3 dxc3 10. Nxc3 e6 11. Be3 d4 12. Bxd4 Nxd4 13. Qxd4 Bc6 14. Qxd8+ Rxd8 15. Rh2 Bc5 16. Nge2 f6 17. exf6 gxf6 18. g5 fxg5 19. fxg5 Nf7 20. Bxe6 Nxg5 21. Bg4 O-O 22. Rd1 Rde8 23. Rd3 Bf3 24. Rh4 Bxe2 25. Bxe2 Bf2+ 26. Kd2 Bxh4 27. Rd4 Be1+ 28. Kc2 Bxc3 0-1


[Site "https://www.chess.com"]

[Event "Titled Tuesday Blitz January 31 Early 2023"]
[White "Svane, Frederik"]
[Black "Ezat, Mohamed"]
[WhiteFideId "12923044"]
[BlackFideId "10600906"]
[WhiteElo "2600"]
[BlackElo "2402"]
[Result "1-0"]
[Round "03"]
[TimeControl "180+2"]
[Date "2023.01.31"]
[WhiteClock "0:00:40"]
[BlackClock "0:00:03"]

1. c4 Nf6 2. Nc3 g6 3. g3 Bg7 4. Bg2 O-O 5. d3 d6 6. Bf4 Nc6 7. Qd2 Re8 8. Bh6 Bh8 9. h4 e5 10. Nh3 Bxh3 11. Bxh3 e4 12. Bg2 exd3 13. Qxd3 Ne5 14. Qc2 Nfg4 15. Bg5 Qd7 16. b3 c6 17. O-O Bg7 18. Rad1 Qe6 19. Ne4 d5 20. cxd5 cxd5 21. Rxd5 Nc6 22. Qd2 h6 23. Bf4 Rad8 24. Rd1 Rxd5 25. Qxd5 Rd8 26. Qxd8+ Nxd8 27. Rxd8+ Kh7 28. h5 Qb6 29. hxg6+ Kxg6 30. Rd6+ Qxd6 31. Nxd6 Bd4 32. e3 Bc3 33. Bxb7 Be1 34. Kf1 Bxf2 35. Bf3 Bxe3 36. Bxg4 Bxf4 37. gxf4 1-0


[Site "https://www.chess.com"]

[Event "Titled Tuesday Blitz January 31 Early 2023"]
[White "Bachmann, Axel"]
[Black "Bethke, Richard"]
[WhiteFideId "3700488"]
[BlackFideId "12959243"]
[WhiteElo "2604"]
[BlackElo "2382"]
[Result "0-1"]
[Round "03"]
[TimeControl "180+2"]
[Date "2023.01.31"]
[WhiteClock "0:02:02"]
[BlackClock "0:00:05"]

1. e4 c5 2. Nc3 Nc6 3. f4 g6 4. Nf3 Bg7 5. a4 e6 6. e5 d5 7. d4 Nge7 8. dxc5 Qa5 9. Be3 Nf5 10. Bf2 h5 11. Qd2 a6 12. Bd3 Nb4 13. Bxf5 gxf5 14. O-O Bf8 15. Kh1 Bxc5 16. Ne2 Bxf2 17. Rxf2 Nc6 18. c3 Bd7 19. Ned4 Rc8 20. b4 Qc7 21. Nb3 b6 22. Ng5 h4 23. Rf3 a5 24. b5 Ne7 25. Nd4 Ng6 26. Rh3 Qc4 27. Ra3 Ke7 28. Qe1 Rc5 29. Ngf3 Rhc8 30. Nxh4 Nxf4 31. Rf3 Nd3 32. Qe3 Nb4 33. Qg5+ Ke8 34. Nhxf5 exf5 35. h4 Qxd4 36. Qg8+ Ke7 37. Qg5+ f6 38. cxd4 fxg5 39. dxc5 bxc5 40. hxg5 d4 41. Rh3 c4 42. Rh7+ Ke6 43. g6 Be8 44. g7 Bf7 45. Rh8 Bg8 46. b6 Kf7 47. b7 Rb8 48. Rh6 Kxg7 49. Rb6 Nd5 50. Rg3+ Kf8 51. e6 Nxb6 0-1


[Site "https://www.chess.com"]

[Event "Titled Tuesday Blitz January 31 Early 2023"]
[White "Gurevich, Dmitry"]
[Black "Yuan, Qingyu"]
[WhiteFideId "2000407"]
[BlackFideId "8609772"]
[WhiteElo "2393"]
[BlackElo "2373"]
[Result "1/2-1/2"]
[Round "03"]
[TimeControl "180+2"]
[Date "2023.01.31"]
[WhiteClock "0:00:09"]
[BlackClock "0:00:06"]

1. d4 d5 2. c4 e6 3. Nc3 Be7 4. Nf3 Nf6 5. Bf4 O-O 6. e3 Nbd7 7. c5 c6 8. Bd3 b6 9. b4 a5 10. a3 Ba6 11. O-O Qc8 12. h3 h6 13. Qe2 Bxd3 14. Qxd3 Qb7 15. Rfb1 axb4 16. axb4 Rxa1 17. Rxa1 Ra8 18. Rxa8+ Qxa8 19. Ne5 bxc5 20. Nxd7 Nxd7 21. bxc5 Qa3 22. Qc2 Nf6 23. g4 Bd8 24. Kg2 Ba5 25. Na4 Ne4 26. Nb6 Qb4 27. Nd7 Qe1 28. Ne5 Bd2 29. Nd3 Qe2 30. Bg3 f6 31. Nf4 Qe1 32. Nxe6 Bxe3 33. Nf4 Nd2 34. Qd3 Bxf4 35. Bxf4 Qe4+ 36. Qxe4 Nxe4 37. f3 Nc3 38. Kf2 Kf7 39. Ke3 Nb5 40. Kd3 Kg6 41. Bd2 h5 42. Be3 hxg4 43. fxg4 f5 44. Bf4 fxg4 45. hxg4 Kf6 46. Be3 Kg6 47. Bf4 Kf7 48. Be3 Nc7 49. Bf4 Ne6 50. Be3 Kg6 51. Ke2 Kf7 52. Kf3 Ke8 53. Ke2 Kd7 54. Kd3 Kc8 55. Kc3 Kb7 56. Kb4 Ka6 57. Ka4 g6 58. Kb4 Ng7 59. Ka4 Ne8 60. Bg5 Nc7 61. Kb4 Ne6 62. Be3 Nf8 63. Ka4 Nd7 64. Bg5 Nf8 65. Kb4 Ne6 66. Be3 1/2-1/2


[Site "https://www.chess.com"]

[Event "Titled Tuesday Blitz January 31 Early 2023"]
[White "Cella, Glaucio Dalla Cortt"]
[Black "Gurel, Ediz"]
[WhiteFideId "2119455"]
[BlackFideId "44507356"]
[WhiteElo "1894"]
[BlackElo "2499"]
[Result "1-0"]
[Round "03"]
[TimeControl "180+2"]
[Date "2023.01.31"]
[WhiteClock "0:02:16"]
[BlackClock "0:01:58"]

1. e4 c5 2. Nf3 e6 3. c3 Nf6 4. e5 Nd5 5. d4 cxd4 6. cxd4 d6 7. Nc3 Nxc3 8. bxc3 Qc7 9. Bb5+ Bd7 10. Qb3 a6 11. Bxd7+ Nxd7 12. exd6 Bxd6 13. c4 O-O 14. O-O Rac8 15. c5 Be7 16. Rb1 Rb8 17. g3 e5 18. Nxe5 Nxe5 19. Bf4 Bf6 20. Rfe1 1-0


[Site "https://www.chess.com"]

[Event "Titled Tuesday Blitz January 31 Early 2023"]
[White "Ozen, Bahadir"]
[Black "Lehtosaari, Mauri"]
[WhiteFideId "6337058"]
[BlackFideId "501999"]
[WhiteElo "2369"]
[BlackElo "2176"]
[Result "1/2-1/2"]
[Round "03"]
[TimeControl "180+2"]
[Date "2023.01.31"]
[WhiteClock "0:01:00"]
[BlackClock "0:00:55"]

1. g3 d5 2. Nf3 Nf6 3. Bg2 c6 4. O-O Bg4 5. h3 Bh5 6. d3 Nbd7 7. Qe1 e5 8. e4 dxe4 9. dxe4 Bc5 10. Nbd2 O-O 11. Nh4 Re8 12. Nb3 Bb6 13. a4 a5 14. Nf5 Qc7 15. Bd2 Bg6 16. Nh4 Nf8 17. Nxg6 hxg6 18. Qe2 Ne6 19. c3 Nh5 20. Kh2 Rad8 21. Rad1 Rd7 22. Bf3 Nf6 23. Bc1 Red8 24. Kg2 Rd6 25. h4 R8d7 26. Rfe1 Qd8 27. Rxd6 Rxd6 28. Qc4 Nh5 29. Qe2 Nf6 30. Qc4 Nh5 31. Qe2 Nf6 1/2-1/2


[Site "https://www.chess.com"]

[Event "Titled Tuesday Blitz January 31 Early 2023"]
[White "Pakleza, Zbigniew"]
[Black "Shuvalov, Evgenij"]
[WhiteFideId "1119290"]
[BlackFideId "4187237"]
[WhiteElo "2494"]
[BlackElo "2038"]
[Result "1/2-1/2"]
[Round "03"]
[TimeControl "180+2"]
[Date "2023.01.31"]
[WhiteClock "0:00:07"]
[BlackClock "0:00:02"]

1. d4 Nf6 2. Nf3 g6 3. Bf4 Bg7 4. e3 O-O 5. Be2 b6 6. O-O Bb7 7. h3 d6 8. c3 c5 9. Nbd2 Nbd7 10. a4 a6 11. Bh2 Qc8 12. b4 Ne4 13. Rc1 Ndf6 14. Qb3 Nxd2 15. Nxd2 Ne4 16. Nf3 Qd7 17. Rfd1 Rfc8 18. a5 cxb4 19. Qxb4 b5 20. Ne1 Rab8 21. Nd3 Bd5 22. Qb2 Bc4 23. f3 Nf6 24. Nb4 Bxe2 25. Qxe2 Rc4 26. Nxa6 Ra8 27. Nb4 Rxa5 28. Rc2 Qa7 29. Bg3 Bh6 30. e4 Ra3 31. Be1 Nh5 32. g3 e5 33. Kg2 Bg7 34. d5 f5 35. Nc6 Qa4 36. exf5 gxf5 37. Ne7+ Kf7 38. Nxf5 Bf8 39. Ne3 Rc5 40. Bf2 Rcxc3 41. Rxc3 Rxc3 42. Rd3 Rxd3 43. Qxd3 b4 44. Qxh7+ Ng7 45. Nf5 b3 46. Nh6+ Ke8 47. Qg6+ Kd8 48. Qf6+ Be7 49. Qxg7 b2 50. Qg8+ Kc7 51. Qh7 Kc8 52. Nf5 Bf8 53. Ne3 e4 54. Qf5+ Kb7 55. Qf7+ Ka6 56. Qxf8 b1=Q 57. h4 exf3+ 58. Qxf3 Qbe4 59. g4 Qxf3+ 60. Kxf3 Qd4 61. h5 Qe5 62. Bg3 Qf6+ 63. Bf4 Qh4 64. h6 Qh3+ 65. Ke4 Kb5 66. g5 Kc5 67. g6 Qh5 68. g7 Qg6+ 69. Nf5 Qe8+ 70. Kf3 Kxd5 71. Ng3 Qg6 72. Kf2 Ke6 73. Be3 Kf7 74. Ne2 Kg8 75. Nd4 Kh7 76. Ke2 Qh5+ 77. Kd2 Qd5 78. Ke2 Qe4 79. Nf3 Qc2+ 80. Ke1 Qb1+ 81. Kf2 Qc2+ 82. Kg3 Qg6+ 83. Bg5 d5 84. Kf4 Qe4+ 85. Kg3 d4 86. Bf4 Qg6+ 87. Kf2 d3 88. Ke3 Qf5 89. Ng5+ Kg8 90. Ne4 d2 91. Nxd2 Qc5+ 92. Ke2 Qf5 93. Be3 Qg4+ 94. Nf3 Qc4+ 95. Kf2 Qc2+ 96. Nd2 Qf5+ 97. Ke2 Qg4+ 98. Kd3 Qd7+ 99. Bd4 Qf5+ 100. Kc3 Qh3+ 101. Kc4 Qxh6 102. Ne4 Qxg7 103. Bxg7 Kxg7 1/2-1/2


[Site "https://www.chess.com"]

[Event "Titled Tuesday Blitz January 31 Early 2023"]
[White "Ozates, Tuna"]
[Black "Kazakouski, Valery"]
[WhiteFideId "6354521"]
[BlackFideId "13507443"]
[WhiteElo "2251"]
[BlackElo "2539"]
[Result "0-1"]
[Round "03"]
[TimeControl "180+2"]
[Date "2023.01.31"]
[WhiteClock "0:00:17"]
[BlackClock "0:01:52"]

1. e4 c5 2. Nf3 a6 3. c3 d5 4. exd5 Qxd5 5. d4 Bg4 6. Be2 Nf6 7. O-O e6 8. Be3 cxd4 9. cxd4 Nc6 10. Nc3 Qd6 11. Qb3 Qb4 12. Qc2 Be7 13. a3 Qd6 14. Rad1 O-O 15. Rfe1 Rfd8 16. h3 Bh5 17. Qb3 b5 18. Ng5 Bg6 19. Bf3 Na5 20. Qb4 Qc7 21. Bf4 Qxf4 22. Qxe7 Qxg5 23. Bxa8 Rxa8 24. d5 Re8 25. d6 Rxe7 26. dxe7 Ne8 27. Rd7 Nc6 28. Nd5 exd5 0-1


[Site "https://www.chess.com"]

[Event "Titled Tuesday Blitz January 31 Early 2023"]
[White "Martic, Ivan"]
[Black "Galchenko, Matvey"]
[WhiteFideId "929301"]
[BlackFideId "24175480"]
[WhiteElo "2301"]
[BlackElo "2438"]
[Result "0-1"]
[Round "03"]
[TimeControl "180+2"]
[Date "2023.01.31"]
[WhiteClock "0:01:48"]
[BlackClock "0:01:12"]

1. e4 e6 2. d4 d5 3. e5 c5 4. c3 Qb6 5. Nf3 Nc6 6. a3 Nh6 7. b4 cxd4 8. cxd4 Nf5 9. Be3 f6 10. exf6 gxf6 11. Bd3 Nxe3 12. fxe3 Bh6 13. Qe2 Bd7 14. O-O O-O-O 15. Nc3 Ne7 16. a4 Kb8 17. a5 Qd6 18. b5 e5 19. dxe5 fxe5 20. e4 Qc5+ 21. Kh1 Qxc3 22. b6 dxe4 23. bxa7+ Kxa7 24. Bxe4 Bc6 25. Rfb1 Be3 26. Bxc6 Nxc6 27. Qb5 Rd7 28. Rb3 Qxa1+ 0-1


[Site "https://www.chess.com"]

[Event "Titled Tuesday Blitz January 31 Early 2023"]
[White "Rakhmatullaev, Almas"]
[Black "Roux, Baptiste"]
[WhiteFideId "14205793"]
[BlackFideId "36017450"]
[WhiteElo "2275"]
[BlackElo "2300"]
[Result "1-0"]
[Round "03"]
[TimeControl "180+2"]
[Date "2023.01.31"]
[WhiteClock "0:01:28"]
[BlackClock "0:00:19"]

1. e4 e5 2. Nf3 Nc6 3. d4 exd4 4. Nxd4 Bc5 5. Nf5 Qf6 6. Nc3 Nge7 7. Be3 Bb4 8. Nxe7 Qxe7 9. Bd3 d6 10. O-O Bxc3 11. bxc3 Ne5 12. f4 Bg4 13. Qd2 Nxd3 14. cxd3 Bd7 15. Rab1 Bc6 16. Bd4 O-O 17. f5 f6 18. c4 b6 19. Rbe1 a5 20. g4 b5 21. cxb5 Bxb5 22. h4 c5 23. Bc3 Rfe8 24. g5 c4 25. Rf2 fxg5 26. f6 gxf6 27. Rxf6 Qa7+ 28. Kh2 Re5 29. Bxe5 dxe5 30. Qxg5+ Kh8 31. Qxe5 Qg7 32. Rg1 cxd3 33. Rf8+ 1-0


[Site "https://www.chess.com"]

[Event "Titled Tuesday Blitz January 31 Early 2023"]
[White "Bagrationi, Alexander"]
[Black "Girel, Joseph"]
[WhiteFideId "14104954"]
[BlackFideId "36033561"]
[WhiteElo "2454"]
[BlackElo "2395"]
[Result "1-0"]
[Round "03"]
[TimeControl "180+2"]
[Date "2023.01.31"]
[WhiteClock "0:00:18"]
[BlackClock "0:00:18"]

1. e4 c5 2. Be2 e6 3. f4 d5 4. d3 Nc6 5. Nf3 f5 6. e5 d4 7. a4 Nh6 8. h3 Be7 9. Na3 Bh4+ 10. Nxh4 Qxh4+ 11. Kf1 Nf7 12. Qe1 Qe7 13. Nc4 Bd7 14. Bf3 O-O 15. Bd2 Kh8 16. Ke2 g5 17. g3 Rg8 18. c3 Rg7 19. Qf2 Rag8 20. a5 Be8 21. Rag1 b5 22. axb6 axb6 23. Nxb6 Na5 24. cxd4 cxd4 25. Bxa5 Qc5 26. Nc4 Bb5 27. b4 Qc8 28. Qxd4 Qa6 29. Kf2 Nh6 30. fxg5 Rxg5 31. Bd8 Qa2+ 32. Be2 f4 33. Bf6+ R5g7 34. gxf4 Nf5 35. Qc5 Bxc4 36. dxc4 Qb3 37. Rxg7 Nxg7 38. Rg1 h6 39. Rxg7 Qxh3 40. Rg3+ Kh7 41. Qe7+ 1-0


[Site "https://www.chess.com"]

[Event "Titled Tuesday Blitz January 31 Early 2023"]
[White "Martin Duque, Jesus"]
[Black "Koelle, Tobias"]
[WhiteFideId "2208954"]
[BlackFideId "16207378"]
[WhiteElo "2386"]
[BlackElo "2432"]
[Result "0-1"]
[Round "03"]
[TimeControl "180+2"]
[Date "2023.01.31"]
[WhiteClock "0:00:22"]
[BlackClock "0:01:26"]

1. Nf3 f5 2. d3 Nf6 3. e4 d6 4. Nc3 e5 5. exf5 Bxf5 6. d4 e4 7. Nh4 Bd7 8. Bg5 Be7 9. Bc4 d5 10. Nxd5 Nxd5 11. Qh5+ g6 12. Nxg6 Bg4 13. Qxg4 hxg6 14. Qe6 c6 15. Bxe7 Qxe7 16. Qc8+ Qd8 17. Qxb7 Nd7 18. Qxc6 Ne7 19. Qxe4 Rc8 20. Bb3 Qa5+ 21. c3 Qf5 22. Qxf5 Nxf5 23. O-O-O Kd8 24. Be6 Kc7 25. Rde1 Kd6 26. Bf7 Nf8 27. g4 Nh6 28. Bb3 Nxg4 29. f3 Nf2 30. Rhg1 Nd3+ 31. Kd2 Nxe1 32. Rxe1 Rxh2+ 33. Kd3 0-1


[Site "https://www.chess.com"]

[Event "Titled Tuesday Blitz January 31 Early 2023"]
[White "Zochowski, Kacper"]
[Black "Rohith Krishna S"]
[WhiteFideId "1125494"]
[BlackFideId "46617051"]
[WhiteElo "2262"]
[BlackElo "2385"]
[Result "0-1"]
[Round "03"]
[TimeControl "180+2"]
[Date "2023.01.31"]
[WhiteClock "0:00:04"]
[BlackClock "0:00:20"]

1. Nf3 Nf6 2. c4 e6 3. g3 d5 4. Bg2 c5 5. cxd5 exd5 6. d4 c4 7. O-O Be7 8. Nc3 O-O 9. Ne5 h6 10. e4 dxe4 11. Nxe4 Nxe4 12. Bxe4 Bf6 13. Be3 Nc6 14. Nxc6 bxc6 15. Bxc6 Rb8 16. Qc2 Qb6 17. Bg2 Qxb2 18. Qxc4 Bf5 19. Rad1 Rfc8 20. Qa4 Bc2 21. Qxa7 Bxd1 22. Rxd1 Qc2 23. Rf1 Rb1 24. Bd5 Rf8 25. Rxb1 Qxb1+ 26. Kg2 Qb5 27. Bb3 Qd3 28. Bd5 Qf5 29. Bf3 Re8 30. Qa4 Re7 31. Qa8+ Kh7 32. a4 Qc2 33. Kg1 g6 34. h4 Qb1+ 35. Kg2 Qb2 36. Be4 Bxd4 37. h5 Bxe3 38. hxg6+ Kg7 39. gxf7 Qxf2+ 40. Kh3 Qxf7 41. Qa6 Qe6+ 42. Qxe6 Rxe6 43. Bd3 Bd2 44. Bb5 Re3 0-1


[Site "https://www.chess.com"]

[Event "Titled Tuesday Blitz January 31 Early 2023"]
[White "Manukian, Artak"]
[Black "Salimova, Nurgyul"]
[WhiteFideId "13301373"]
[BlackFideId "2915138"]
[WhiteElo "2196"]
[BlackElo "2391"]
[Result "0-1"]
[Round "03"]
[TimeControl "180+2"]
[Date "2023.01.31"]
[WhiteClock "0:01:12"]
[BlackClock "0:00:09"]

1. e4 e5 2. Nf3 Nc6 3. d4 exd4 4. Nxd4 Nf6 5. Nxc6 bxc6 6. e5 Qe7 7. Qe2 Nd5 8. c4 Ba6 9. b3 g6 10. g3 Bg7 11. Bb2 O-O 12. Bg2 Rae8 13. O-O Bxe5 14. Qxe5 Qxe5 15. Bxe5 Rxe5 16. cxd5 Bxf1 17. Kxf1 cxd5 18. Nc3 c6 19. Rc1 f5 20. Bf3 f4 21. g4 Kg7 22. h4 h6 23. Na4 g5 24. h5 Kf6 25. Nc5 Ke7 26. b4 Rb8 27. a3 Kd6 28. Nd3 Re7 29. Rc5 Rb5 30. Rxb5 cxb5 31. Nc5 Re8 32. Be2 Kc6 33. Nb3 a6 34. Nd4+ Kb6 35. Nf5 Re6 36. Bf3 a5 37. Bxd5 Re5 38. Bf3 Re6 39. Bd5 Re5 40. Bf7 axb4 41. axb4 d5 42. Nxh6 d4 43. Bg6 Re6 44. Bd3 Rxh6 45. Ke2 Re6+ 46. Kd2 Kc6 47. Bf5 Rf6 48. Kd3 Kd5 49. Bd7 Ke5 50. Bxb5 Rb6 51. Bc4 Rxb4 52. h6 Rb6 53. h7 Rh6 54. Bg8 Rh3+ 55. Ke2 d3+ 56. Kd2 Kd4 57. f3 Rh2+ 58. Kc1 Ke3 59. Bb3 Rxh7 60. Bd1 Rh1 61. Kb2 Rxd1 62. Kc3 Rf1 63. Kc4 Rxf3 64. Kc3 Rg3 65. Kb3 Rxg4 66. Kb2 Rg2+ 67. Kc1 d2+ 68. Kd1 Rg1+ 69. Kc2 Rc1+ 0-1


[Site "https://www.chess.com"]

[Event "Titled Tuesday Blitz January 31 Early 2023"]
[White "Postny, Evgeny"]
[Black "Ljukin, Sergei"]
[WhiteFideId "2804344"]
[BlackFideId "14102200"]
[WhiteElo "2549"]
[BlackElo "2362"]
[Result "1-0"]
[Round "03"]
[TimeControl "180+2"]
[Date "2023.01.31"]
[WhiteClock "0:00:34"]
[BlackClock "0:00:07"]

1. e4 e6 2. d4 d5 3. Nc3 Bb4 4. e5 Ne7 5. Bd2 b6 6. Qg4 O-O 7. Bd3 Ba6 8. Nf3 Bxd3 9. cxd3 c5 10. h4 Nbc6 11. dxc5 bxc5 12. h5 d4 13. Ne4 Bxd2+ 14. Nexd2 h6 15. O-O Nb4 16. Ne4 Nxd3 17. Nf6+ Kh8 18. Qe4 gxf6 19. exf6 Nd5 20. Qxd3 Qxf6 21. Rac1 Rac8 22. Rfe1 Rg8 23. g3 Nf4 24. Qe4 d3 25. Kh2 Ne2 26. Rc4 d2 27. Rd1 Nd4 28. Rc3 Rg5 29. Kg2 Rf5 30. Nxd4 Rxf2+ 31. Kh3 cxd4 32. Rxc8+ Kg7 33. Qg4+ Qg5 34. Qxg5+ hxg5 35. Rc2 e5 36. Rcxd2 Rf3 37. Kg4 Re3 38. Rf1 1-0


[Site "https://www.chess.com"]

[Event "Titled Tuesday Blitz January 31 Early 2023"]
[White "Jovic, Stanoje"]
[Black "Harshavardhan G B"]
[WhiteFideId "905020"]
[BlackFideId "25059009"]
[WhiteElo "2075"]
[BlackElo "2408"]
[Result "0-1"]
[Round "03"]
[TimeControl "180+2"]
[Date "2023.01.31"]
[WhiteClock "0:00:02"]
[BlackClock "0:00:20"]

1. c4 e5 2. g3 Nf6 3. Bg2 d5 4. cxd5 Nxd5 5. Nf3 Nc6 6. O-O Nb6 7. Nc3 Be7 8. d4 exd4 9. Nb5 O-O 10. Nbxd4 Nxd4 11. Qxd4 Qxd4 12. Nxd4 c6 13. a4 Bf6 14. e3 a5 15. Bd2 Nc4 16. Bc3 Bg4 17. h3 Bh5 18. Rac1 Rfd8 19. Nxc6 bxc6 20. Bxf6 gxf6 21. Rxc4 Be2 22. Rxc6 Bxf1 23. Bxf1 Kg7 24. Rc7 Rd1 25. Kg2 Rad8 26. Bc4 R8d7 27. Rxd7 Rxd7 28. g4 Rd2 29. b3 Kg6 30. e4 Rc2 31. Kg3 Rc3+ 32. f3 Rc1 33. h4 h6 34. h5+ Kg7 35. Kf4 Rc3 36. Bd5 Kf8 37. Bc4 Ke7 38. Bd5 Rc7 39. Kf5 Rc1 40. Kf4 Rf1 41. Bc4 Rf2 42. Bd5 f5 43. exf5 f6 44. Bc4 Kd6 45. Bg8 Re2 46. Bc4 Re1 47. Bg8 Kc5 48. Be6 Kd4 49. Bg8 Re5 50. Be6 Rc5 51. Bg8 Kd3 52. Be6 Ke2 53. Ke4 Re5+ 54. Kf4 Kf2 55. Bc4 Re1 56. Be6 Re3 57. Bd5 Rd3 58. Ke4 Rxf3 59. Kd4 Rf4+ 60. Kc5 Rb4 61. Kd6 Kg3 62. Ke7 Rb6 63. Be6 Kxg4 64. Kxf6 Kxh5 65. Ke7 Kg5 66. f6 Rb7+ 67. Bd7 Rxd7+ 68. Kxd7 Kxf6 69. b4 axb4 70. a5 b3 71. a6 b2 72. a7 b1=Q 73. a8=Q Qf5+ 74. Kc7 Qe5+ 75. Kb6 Qd4+ 76. Kb5 Qb2+ 77. Kc4 Qc2+ 78. Kd4 Qd2+ 79. Kc4 Qe2+ 80. Kc3 Qe3+ 81. Kc2 Kg5 82. Qg8+ Kh4 0-1


[Site "https://www.chess.com"]